 Dungeon Crawl Stone Soup version 0.30.1 (webtiles) character file.

Game seed: 3584181199602130873

122 Fodor the Covered (level 4, -3/41 HPs)
             Began as a Minotaur Fighter on July 10, 2023.
             Slain by a gnoll
             ... wielding a +0 halberd
              (8 damage)
             ... on level 3 of the Dungeon.
             The game lasted 00:11:30 (1915 turns).

Fodor the Covered (Minotaur Fighter)                Turns: 1915, Time: 00:11:30

Health: -3/41      AC:  9    Str: 22    XL:     4   Next: 78%
Magic:  3/3        EV:  9    Int:  5    God:
Gold:   149        SH:  4    Dex: 10    Spells: 3/3 levels left

rFire   + . .        a - +0 long sword
rCold   x . .        c - +0 buckler
rNeg    . . .        b - +0 scale mail
rPois   .            (helmet restricted)
rElec   .            f - +0 cloak
rCorr   .            (no gloves)
SInv    .            n - +0 pair of boots
Will    .....        (no amulet) Stlth
                     j - ring of fire
HPRegen 0.26/turn    (no ring)
MPRegen 0.08/turn

%: no passive effects
@: no status effects
A: horns 2, retaliatory headbutt
a: no special abilities


You were on level 3 of the Dungeon.
You visited 1 branch of the dungeon, and saw 3 of its levels.

You collected 149 gold pieces.

Inventory:

Hand Weapons
 a - a +0 long sword (weapon)
Missiles
 i - 3 poisoned darts (quivered)
Armour
 b - a +0 scale mail (worn)
 c - a +0 buckler (worn)
 f - a +0 cloak (worn)
 l - a +0 plate armour
 n - a +0 pair of boots (worn)
Jewellery
 j - a ring of fire (left hand)
 u - a +6 ring of intelligence
Scrolls
 e - 2 scrolls of fear {unknown}
 h - a scroll of teleportation {unknown}
 o - a scroll of identify {unknown}
 s - a scroll of enchant weapon {unknown}
Potions
 d - a potion of might
 g - a potion of ambrosia {unknown}
 k - a potion of curing {unknown}
 m - 2 potions of flight {unknown}
 p - a potion of haste {unknown}
 q - a potion of attraction {unknown}
 r - a potion of mutation {unknown}
 t - a potion of brilliance {unknown}


   Skills:
 + Level 4.4 Fighting
 + Level 3.8 Long Blades
 + Level 4.7 Armour
 + Level 0.5 Dodging
 + Level 4.3 Shields


You had 3 spell levels left.
You didn't know any spells.
Your spell library contained the following spells:

 Spells                   Type           Power      Damage    Failure   Level
 Magic Dart               Conj           0%         1d3       86%         1
 Necrotise                Necr           0%         1d4       86%         1
 Call Imp                 Summ           0%         N/A       94%         2
 Scorch                   Fire           0%         2d5       94%         2
 Mephitic Cloud           Conj/Pois/Air  0%         N/A       99%         3
 Vampiric Draining        Necr           0%         2d6       99%         3
 Flame Wave               Conj/Fire      0%         2d4       100%        4
 Agony                    Necr           0%         N/A       100%        5
 Summon Cactus Giant      Summ           0%         N/A       100%        6


Dungeon Overview and Level Annotations

Branches:
Dungeon (3/15)

Altars:

Shops:
D:1 !(=   D:2 =


Innate Abilities, Weirdness & Mutations

You have a pair of horns on your head.
You reflexively headbutt those who attack you in melee.


Message History

The gnoll hits you but does no damage. You block the gnoll's attack.
You slash the gnoll!
The gnoll is severely wounded.
The gnoll closely misses you. You block the gnoll's attack.
You barely miss the gnoll.
The gnoll is severely wounded.
The gnoll hits you but does no damage. The gnoll completely misses you.
The gnoll hits you with a +0 flail! The gnoll closely misses you.
The gnoll throws a throwing net.
The throwing net hits you.
You become entangled in the net!
You tear a large gash into the net.
The gnoll hits you but does no damage. The gnoll barely misses you.
The gnoll hits you from afar with a +0 halberd!
You shred the net and break free!
The gnoll hits you from afar with a +0 halberd.
The gnoll hits you with a +0 flail.
* * * LOW HITPOINT WARNING * * *
The gnoll closely misses you.
You hit the gnoll but do no damage.
The gnoll is severely wounded.
The gnoll throws a throwing net.
The throwing net barely misses you. The gnoll barely misses you.
The gnoll hits you from afar with a +0 trident.
* * * LOW HITPOINT WARNING * * *
You hit the gnoll but do no damage.
You headbutt the gnoll, but do no damage.
The gnoll is severely wounded.
The gnoll barely misses you. The gnoll hits you with a +0 flail.
* * * LOW HITPOINT WARNING * * *
The gnoll closely misses you.
You closely miss the gnoll.
The gnoll is severely wounded.
The gnoll hits you from afar with a +0 trident.
* * * LOW HITPOINT WARNING * * *
You block the gnoll's attack. x2
You completely miss the gnoll.
The gnoll is severely wounded.
The gnoll hits you but does no damage.
The gnoll hits you from afar with a +0 halberd!
You die...

.....#'##### .....#.....#
.. .....#.....# .###
#'#.##.....# ########...
....##.....# #........##
#.#.##.....# #.........###
..#........# #............
#.###..#'#######'#g.......
.......#.####...@.g.......
.##....#......##g####.....
.......#..##..##.# #.####
###.#.).......##.# #.#
##...##..#.#...####.#
###.#####.#.##...[.##...
#.....#.#.....).......#
#####.#.#####)#..###...
#.#.# #.))#....# #


You could see 3 gnolls.

Vanquished Creatures
  Terence (D:2)
  An iguana (D:3)
  An adder (D:2)
  An ufetubus (D:3)
  A dart slug (D:1)
  4 orcs (D:3)
  3 bats
  4 endoplasms
  2 giant cockroaches (D:1)
  9 goblins
  3 hobgoblins
  5 kobolds
  2 quokkas
  5 ball pythons
  3 frilled lizards (D:1)
  5 rats (D:1)
50 creatures vanquished.

Notes
Turn   | Place    | Note
-------+----------+-------------------------------------------
     0 | D:1      | Fodor the Minotaur Fighter began the quest for the Orb.
     0 | D:1      | Reached XP level 1. HP: 19/19 MP: 0/0
   185 | D:1      | Found Cafiha's Distillery.
   201 | D:1      | Reached XP level 2. HP: 26/27 MP: 1/1
   347 | D:1      | Found a transporter.
   350 | D:1      | Found Xyti's Jewellery Shop.
   352 | D:1      | Found a transporter.
   572 | D:1      | Found Kyuplich's Weapon Emporium.
   767 | D:1      | Reached XP level 3. HP: 33/33 MP: 2/2
  1211 | D:2      | Noticed Terence
  1213 | D:2      | Found Ymyqeoje's Jewellery Shop.
  1223 | D:2      | Killed Terence
  1224 | D:2      | Reached XP level 4. HP: 14/40 MP: 3/3
  1915 | D:3      | Slain by a gnoll

Illustrated notes

Levels and vault maps discovered:
D:1:      psy_arrival_radial02, layout_loops_cross, serial_shops,
          nicolae_shop_drivethru, nicolae_shop_bloodbath_and_beyond,
          nicolae_shop_stone
D:2:      layout_basic, serial_shops, shop, uniq_terence
D:3:      layout_basic, roderic_roman_lattice, kennysheep_generic_room_14

Skill      XL: |  1  2  3 |
---------------+----------+-----
Armour         | 4 |  4.7
Fighting       | 4 |  4.4
Shields        | 4 |  4.3
Long Blades    | 3 |  3.8
Dodging        | |  0.5

Action                     |  1- 3 |  4- 6 || total
---------------------------+-------+-------++-------
  Melee: Long sword        |    83 |    44 ||   127
         Headbutt          |    12 |     8 ||    20
  Throw: Dart              |       |     4 ||     4
 Armour: Scale mail        |    61 |    18 ||    79
  Dodge: Dodged            |    48 |    26 ||    74
  Block: Buckler           |    25 |    12 ||    37
